 Dungeon Crawl Stone Soup version 0.16-a0-3992-g631dd12 (webtiles) character file.

2138 timbw the Cruncher (level 9, 0/54 HPs)
             Began as a Halfling Gladiator on Feb 13, 2015.
             Was a Follower of Dithmenos.
             Slain by an unseen horror (8 damage)
             ... on level 11 of the Dungeon.
             The game lasted 00:15:40 (4081 turns).

timbw the Cruncher (Halfling Gladiator)             Turns: 4081, Time: 00:15:40

Health: 0/54       AC:  5    Str: 15      XL:     9   Next: 55%
Magic:  9/9        EV: 20    Int:  5 (7)  God:    Dithmenos [*.....]
Gold:   430        SH:  0    Dex: 18      Spells: 0 memorised, 8 levels left

rFire  . . .     SeeInvis .     a - +0 quarterstaff
rCold  . . .     Clarity  +     b - +0 leather armour
rNeg   . . .     SustAb   .     (no shield)
rPois  .         Gourm    .     r - +0 helmet
rElec  .         Spirit   .     (no cloak)
rCorr  .         Warding  .     i - +0 pair of gloves
rMut   .         Stasis   .     (no boots)
MR     .....                    j - amulet of clarity
Stlth  ++........               (no ring)
                                l - +1 ring of slaying

@: wreathed by umbra, not resistant to hostile enchantments, unstealthy
A: mutation resistance 1, no device heal 1
a: Renounce Religion


You were on level 11 of the Dungeon.
You worshipped Dithmenos.
Dithmenos was aware of your devotion.
You were not hungry.

You visited 2 branches of the dungeon, and saw 12 of its levels.

You collected 430 gold pieces.

Inventory:

Hand weapons
 a - a +0 quarterstaff (weapon)
 p - a +0 blowgun
Missiles
 d - 3 throwing nets (quivered)
 q - 9 poisoned needles
 s - 3 javelins
Armour
 b - a +0 leather armour (worn)
 c - a +0 helmet
 i - a +0 pair of gloves (worn)
 r - a +0 helmet (worn)
Magical staves
 k - an uncursed staff of conjuration {unknown}
Jewellery
 j - an amulet of clarity (around neck)
 l - a +1 ring of slaying (left hand)
Magical devices
 m - a wand of digging (7)
 t - a wand of confusion (26)
Scrolls
 e - a scroll of remove curse
 g - 3 scrolls of random uselessness
 u - a scroll of magic mapping
Potions
 o - 3 potions of curing
Miscellaneous
 n - a lantern of shadows
Comestibles
 f - 2 bread rations
 h - a meat ration
 v - a chunk of flesh


   Skills:
 - Level 1.7 Fighting
 * Level 8.9 Staves
 - Level 2.6 Throwing
 + Level 7.8 Dodging


You had 8 spell levels left.
You didn't know any spells.

Dungeon Overview and Level Annotations

Branches:
Dungeon (11/15)            Temple (1/1) D:5            Lair (0/8) D:9
    Orc (0/4) D:9

Altars:
Ashenzari
Cheibriados
Dithmenos
Elyvilon
Fedhas
Gozag
Makhleb
Nemelex Xobeh
Okawaru
Sif Muna
Trog
Zin
The Shining One

Shops:
D:9 *

Annotations:
D:3 4thArraOfDagon's ghost, weakling GrAr


Innate Abilities, Weirdness & Mutations

You are small and have problems with some larger weapons.
You are somewhat resistant to further mutation.
Potions and wands are less effective at restoring your health.


Message History

Something hits you! Something hits you! Something hits you!
There is an open door, spattered with blood here.
Something closely misses you. Something hits you but does no damage.
There is an open door here.
Something hits you.
* * * LOW HITPOINT WARNING * * *
Something hits you.
* * * LOW HITPOINT WARNING * * *
Something closely misses you. Something barely misses you.
Something misses you. Something hits you.
* * * LOW HITPOINT WARNING * * *
Something barely misses you.
There is a stone staircase leading up here.
Something hits you!
You die...

#............
#............
#..........##
#..........#
#.########.#
#.#......#.#
#.'......#.######.
#..#......#>........
#..##'#####@....#
#...............#
#...............#
###.............#
#..###......### #..
#......# ###
########


There were no monsters in sight!

Vanquished Creatures
  A hill giant (D:10)
  A yak (D:9)
  A hippogriff (D:10)
  Edmund (D:5)
  2 sky beasts (D:10)
  A phantom (D:5)
  2 ogres
  3 centaurs
  A giant frog (D:6)
  A crimson imp (D:10)
  A giant frog zombie (D:10)
  4 jellies
  3 iguanas
  3 hounds
  A giant frog skeleton (D:10)
  2 orc wizards (D:6)
  A killer bee zombie (D:10)
  3 worker ants
  Terence (D:1)
  A worker ant zombie (D:10)
  3 adders
  2 giant mites
  3 shadow imps
  A worm (D:2)
  2 adder skeletons
  An adder zombie (D:7)
  7 giant geckos
  2 oozes
  4 orcs (D:6)
  2 giant cockroaches
  8 hobgoblins
  6 jackals
  A quokka (D:4)
  A ball python (D:1)
  2 bats
  2 giant newts
  7 goblins
  10 kobolds
  11 rats
109 creatures vanquished.

Vanquished Creatures (others)
  5 fungi (D:7)
  2 plants (D:9)
7 creatures vanquished.

Grand Total: 116 creatures vanquished

Notes
Turn   | Place    | Note
--------------------------------------------------------------
     0 | D:1      | timbw, the Halfling Gladiator, began the quest for the Orb.
     0 | D:1      | Reached XP level 1. HP: 14/14 MP: 1/1
    54 | D:1      | Reached XP level 2. HP: 10/19 MP: 2/2
   178 | D:2      | Found a snail-covered altar of Cheibriados.
   216 | D:2      | Reached XP level 3. HP: 10/24 MP: 3/3
   397 | D:2      | Noticed Terence
   460 | D:1      | Killed Terence
   460 | D:1      | Reached XP level 4. HP: 9/29 MP: 4/4
   911 | D:3      | Noticed 4thArraOfDagon's ghost (weakling GrAr)
   982 | D:3      | Found a deep blue altar of Sif Muna.
  1029 | D:4      | Reached skill level 4 in Staves
  1029 | D:4      | Reached XP level 5. HP: 17/34 MP: 5/5
  1035 | D:4      | Found a burning altar of Makhleb.
  1070 | D:4      | Noticed an ogre
  1079 | D:4      | Killed an ogre
  1087 | D:4      | Reached XP level 6. HP: 22/39 MP: 6/6
  1099 | D:4      | Found an iron altar of Okawaru.
  1166 | D:4      | Found a bloodstained altar of Trog.
  1215 | D:4      | Reached skill level 5 in Staves
  1227 | D:4      | Noticed a phantom
  1283 | D:5      | Entered Level 5 of the Dungeon
  1283 | D:5      | Found a sparkling altar of Nemelex Xobeh.
  1283 | D:5      | Found an opulent altar of Gozag.
  1349 | D:5      | Found a staircase to the Ecumenical Temple.
  1378 | D:5      | Reached XP level 7. HP: 44/44 MP: 7/7
  1393 | D:5      | Reached skill level 5 in Dodging
  1420 | D:5      | Noticed Edmund
  1452 | D:5      | Killed Edmund
  1458 | D:5      | Reached skill level 6 in Staves
  1490 | D:6      | Found a glowing silver altar of Zin.
  1491 | D:6      | Found a glowing golden altar of the Shining One.
  1492 | D:6      | Found a white marble altar of Elyvilon.
  1581 | D:6      | Found a bloodstained altar of Trog.
  1823 | D:6      | HP: 1/44 [something/puff of flame (11)]
  1965 | D:6      | Reached XP level 8. HP: 22/49 MP: 8/8
  2223 | Temple   | Entered the Ecumenical Temple
  2236 | Temple   | Became a worshipper of Dithmenos the Shadowed
  2379 | D:6      | Gained mutation: Potions and wands are less effective at restoring your health. [potion of mutation]
  2499 | D:7      | Noticed a slime creature
  2618 | D:7      | Found a blossoming altar of Fedhas.
  2646 | D:9      | Found a staircase to the Orcish Mines.
  2658 | D:9      | Reached skill level 7 in Staves
  2977 | D:9      | Found Kijuil's Assorted Antiques.
  2989 | D:9      | Found a shattered altar of Ashenzari.
  3001 | D:9      | Found a staircase to the Lair.
  3002 | D:9      | Noticed a komodo dragon
  3012 | D:10     | Entered Level 10 of the Dungeon
  3012 | D:10     | Noticed a hill giant
  3095 | D:10     | Killed a hill giant
  3095 | D:10     | Reached skill level 8 in Staves
  3095 | D:10     | Reached XP level 9. HP: 8/54 MP: 9/9
  4081 | D:11     | Slain by an unseen horror

Action                   |  1- 3 |  4- 6 |  7- 9 || total
-------------------------+-------+-------+-------++-------
Melee: Quarterstaff      |    63 |   128 |   335 ||   526
 Fire: Blowgun           |       |       |     8 ||     8
Throw: Throwing net      |       |     2 |     6 ||     8
Evoke: Wand              |       |       |     3 ||     3
  Use: Potion            |       |     1 |     7 ||     8
       Scroll            |       |       |     7 ||     7
 Stab: Held in net/web   |       |       |     7 ||     7
       Confused          |       |       |     1 ||     1
       Sleeping          |       |       |     1 ||     1
  Eat: Chunk             |       |     1 |     8 ||     9
       Bread ration      |       |       |     1 ||     1
